 Dungeon Crawl Stone Soup version 0.29.1-2-gbd0b4ee654 (webtiles) character file.

Game seed: 12506286363475961407

1 Descartes the Scratcher (level 1, 0/10 HPs)
             Began as a Felid Wanderer on Oct 28, 2022.
             Constricted to death by a ball python (1 damage)
             ... on level 1 of the Dungeon.
             The game lasted 00:00:29 (27 turns).

Descartes the Scratcher (Felid Wanderer)              Turns: 27, Time: 00:00:30

Health: 0/10       AC:  1    Str:  9    XL:     1   Next: 16%
Magic:  3/3        EV: 13    Int: 12    God:
Gold:   0          SH:  0    Dex: 15    Spells: 0/0 levels left
                                        Lives:  0   Deaths: 0

rFire   . . .      SeeInvis +     - Unarmed
rCold   . . .      Faith    .   (shield unavailable)
rNeg    . . .      Spirit   .   (body armour unavailable)
rPois   .          Reflect  .   (helmet unavailable)
rElec   .          Harm     .   (cloak unavailable)
rCorr   .          Rampage  .   (gloves unavailable)
Will    .....                   (boots unavailable)
Stlth   +.........              (no amulet)
HPRegen 0.03/turn               (no ring)
MPRegen 0.08/turn               (no ring)

@: constricted, quick
A: very small, claws 1, fangs 3, see invisible, speed 1, shaggy fur 1, stealthy
paws, no weapons or thrown items, no armour, multi-lived
a: no special abilities


You were on level 1 of the Dungeon.
You visited 1 branch of the dungeon, and saw 1 of its levels.

Inventory:

Scrolls
 b - a scroll of blinking
 c - a scroll of fog
Potions
 a - a potion of invisibility
 d - a potion of attraction
 e - a potion of lignification


   Skills:
 - Level 3.0 Fighting
 + Level 1.4 Dodging
 + Level 0.1 Stealth
 + Level 4.0 Unarmed Combat
 + Level 0.1 Translocations
 + Level 0.0 Transmutations
 - Level 1.7 Invocations


You couldn't memorise any spells.
You didn't know any spells.
Your spell library was empty.

Dungeon Overview and Level Annotations

Branches:
Dungeon (1/15)

Altars:


Innate Abilities, Weirdness & Mutations

You have sharp claws.
You have razor-sharp teeth.
You have supernaturally acute eyesight. (SInv)
You cover ground quickly. (Speed+)
You are covered in fur. (AC +1)
Your paws help you pounce on unaware monsters.
You are incapable of wielding weapons or throwing items.
You cannot wear armour.
You gain extra lives every three experience levels.


Message History

You open the large door.
There is a large open door here.
Found 5 stones.
Unknown command.
Your library has no spells.
Unknown command.
You see here 5 stones.
An endoplasm comes into view.
The endoplasm quivers.
No target in view!
No target in view!
A ball python comes into view.
The endoplasm closely misses you.
You scratch the endoplasm.
The endoplasm is almost dead.
The ball python hisses angrily.
The endoplasm freezes you.
You are frozen.
You scratch the endoplasm.
You kill the endoplasm!
The ball python bites you. The ball python grabs you.
The ball python constricts you.
You are too injured to fight recklessly!
You are too injured to fight recklessly!
You are too injured to fight recklessly!
You scratch the ball python.
The ball python is severely wounded.
The ball python misses you. The ball python constricts you.
* * * LOW HITPOINT WARNING * * *
The ball python closely misses you. The ball python constricts you.
* * * LOW HITPOINT WARNING * * *
You closely miss the ball python.
The ball python is severely wounded.
The ball python barely misses you. The ball python constricts you.
* * * LOW HITPOINT WARNING * * *
You closely miss the ball python.
The ball python is severely wounded.
The ball python bites you but does no damage.
The ball python constricts you.
You die...

....# ...#
...# ..###
....# #...#
#S..# #@..#
#####...#
##.......#
##..#######
#..##
###(##
#...# #.###
#..#


You could see a ball python.

Vanquished Creatures
  An endoplasm (D:1)
1 creature vanquished.

Notes
Turn   | Place    | Note
-------+----------+-------------------------------------------
     0 | D:1      | Descartes the Felid Wanderer began the quest for the Orb.
     0 | D:1      | Descartes set off with the following items: a potion of
                  | invisibility, a scroll of blinking, a scroll of fog, a
                  | potion of attraction, a potion of lignification.
     0 | D:1      | Reached XP level 1. HP: 10/10 MP: 3/3
    27 | D:1      | Constricted to death by a ball python

Illustrated notes

Levels and vault maps discovered:
D:1:      lightli_molten_gateway, layout_basic, minmay_three_crescents

Action                   || total
-------------------------++-------
Melee: Unarmed           ||     5
Armor: Skin              ||     1
Dodge: Dodged            ||     4
